cohdb
Replays
Latest Replays
All Replays
Popular Replays
Top Player Replays
Match Explorer
How It Works
Community
CoH3 Stats
Reddit
Sign in to upload your games and track your stats! →
Sign in with Steam
Match 45162231
Unlisted
Match 45162231
Overview
Messages
Build Orders
End
Construct Infanterie Kompanie
Pioneer Squad
Selects Breakthrough Battlegroup
Selects Assault Grenadiers
Grenadier Squad
Grenadier Squad
MG 42 Machine Gun Team
Medical Station
Construct Panzergrenadier Kompanie
Panzergrenadier Squad
Panzergrenadier Officer Quarters
Pak 40 Anti-tank Gun Team
Construct Panzer Kompanie
Selects Rapid Production
Stoßtruppen Squad
Selects Blitzkrieg
Panzer IV Medium Tank
Side Skirts
Pak 40 Anti-tank Gun Team
Selects Tiger Heavy Tank
Pioneer Squad
Tiger Heavy Tank
Q
Autodesk
ZELOT
Elite_1650
0
0
Comments
sign in to comment!
No comments posted yet!